Map: Zen LE

Players

prospeKt

  • Race: Zerg Zerg
  • League: Platinum
  • Spawn Location: 1:00

Serrates - Winner!

  • Race: Zerg Zerg
  • Spawn Location: 7:00

VOD

Have the link to the VOD?

Description

Time

  • Played on: June 9, 2020, 6:27 a.m.
  • Length: 10:58
Show
View Real Time Build Order
Export as new Build Order

prospeKt Zerg 

Build Orders: Hatch First, Roach Hydra 

Get SALT Encoding   

  12  0:00  Drone  
  13  0:13  Overlord  
  13  0:19  Drone  
  14  0:32  Drone x2  
  16  0:38  Drone  
  17  0:53  Hatchery  
  17  0:55  Drone  
  17  1:00  Drone  
  18  1:08  Drone  
  19  1:18  Spawning Pool  
  18  1:19  Drone  
  19  1:28  Drone  
  19  1:30  Extractor  
  19  1:39  Drone  
  20  1:50  Drone  
  21  2:01  Drone  
  22  2:05  Queen x2  
  22  2:06  Overlord  
  26  2:13  Drone  
  27  2:18  Zergling x2  
  28  2:24  Zergling x2  
  28  2:27  Drone  
  30  2:35  Drone  
  31  2:49  Drone x3  
  33  2:51  Queen  
  33  2:53  Lair  
  35  2:59  Overlord  
  35  3:00  Overlord  
  35  3:14  Roach Warren  
  35  3:18  Drone x6  
  40  3:25  Drone  
  40  3:26  Drone x2  
  43  3:30  Evolution Chamber  
  43  3:31  Drone  
  43  3:32  Drone  
  44  3:38  Overlord  
  44  3:42  Drone  
  45  3:53  Roach x3  
  45  3:54  Glial Reconstitution  
  51  3:57  Overlord  
  51  3:58  Roach x2  
  55  4:05  Extractor  
  55  4:06  Extractor  
  53  4:19  Hatchery  
  52  4:24  Spine Crawler  
  52  4:25  Drone x6  
  57  4:46  Drone x4, Roach x2  
  65  4:56  Roach  
  65  4:58  Overlord x2  
  67  5:13  Hydralisk Den, Drone  
  67  5:14  Evolution Chamber, Drone  
  67  5:20  Queen  
  69  5:29  Drone x8  
  69  5:32  Drone x4  
  81  5:37  Overseer  
  81  5:39  Overlord  
  81  5:47  Roach  
  81  5:48  Roach x2  
  87  5:58  Roach x5  
  97  6:07  Drone x2  
  96  6:22  Drone  
  97  6:29  Grooved Spines, Infestation Pit  
  97  6:31  Zerg Ground Armor Level 1  
  94  6:35  Zerg Missile Weapons Level 1  
  94  6:38  Overlord x2  
  94  6:40  Zergling x8  
  98  6:58  Drone  
  98  6:59  Drone x5, Extractor x2  
  98  7:00  Drone x4  
  98  7:01  Spine Crawler, Hydralisk  
  103  7:02  Spine Crawler, Hydralisk x2  
  103  7:06  Hydralisk x2  
  104  7:14  Extractor  
  99  7:17  Hydralisk x2  
  99  7:18  Hatchery  
  96  7:24  Hydralisk  
  79  7:40  Muscular Augments  
  79  7:41  Hydralisk x3  
  79  7:43  Roach  
  79  7:44  Roach  
  81  7:58  Spine Crawler x2  
  72  8:02  Hydralisk x3  
  72  8:04  Roach  
  72  8:05  Zergling x14  
  86  8:12  Hydralisk x2  
  80  8:25  Hydralisk x4  
  84  8:34  Metabolic Boost  
  77  8:44  Spine Crawler  
  76  8:49  Hatchery, Hydralisk  
  76  8:50  Hydralisk x3  
  83  9:03  Hydralisk x3  
  81  9:22  Hydralisk x5  
  88  9:32  Ravager  
  89  9:44  Lurker Den  
  89  9:45  Zergling x2  
  89  9:46  Zergling x28  
  103  9:53  Spine Crawler  
  103  9:56  Spine Crawler  
  103  9:58  Spine Crawler  
  90  10:13  Hydralisk  
  90  10:14  Hydralisk x5  
  74  10:18  Zergling x14  
  67  10:28  Spine Crawler  
  66  10:29  Spine Crawler  
  66  10:32  Zergling x8  
  69  10:40  Zergling x6  
Show
View Real Time Build Order
Export as new Build Order

Serrates Zerg - Winner!

Build Orders: Hatch First 

Get SALT Encoding   

  12  0:01  Drone  
  13  0:13  Overlord  
  13  0:17  Drone  
  14  0:31  Drone x2  
  16  0:50  Hatchery  
  16  0:53  Drone  
  16  0:57  Drone  
  17  1:07  Extractor  
  16  1:12  Spawning Pool  
  16  1:15  Drone  
  16  1:18  Drone  
  17  1:30  Drone  
  17  1:31  Drone  
  19  1:39  Drone  
  20  2:01  Queen  
  20  2:02  Queen  
  20  2:03  Zergling x2  
  20  2:04  Zergling x2  
  26  2:09  Overlord  
  26  2:13  Drone x2  
  28  2:18  Metabolic Boost  
  28  2:29  Drone x2  
  30  2:46  Baneling Nest  
  28  2:54  Drone x4  
  28  2:57  Zergling x4  
  34  3:12  Hatchery, Overlord x2  
  33  3:27  Drone x2  
  33  3:30  Baneling x2  
  35  3:38  Drone x6  
  41  3:44  Extractor  
  41  3:45  Extractor  
  39  3:49  Baneling  
  39  3:52  Drone x4  
  43  3:55  Drone  
  43  3:56  Drone  
  45  4:05  Evolution Chamber  
  45  4:06  Drone x2  
  45  4:07  Roach Warren  
  45  4:19  Baneling  
  45  4:21  Drone x2  
  45  4:22  Drone  
  48  4:26  Lair  
  48  4:28  Drone x3  
  48  4:29  Extractor  
  48  4:30  Drone  
  51  4:34  Queen  
  53  4:40  Zerg Missile Weapons Level 1  
  53  4:45  Overlord x3  
  53  4:52  Roach x2  
  57  5:03  Roach x2  
  57  5:04  Roach  
  63  5:21  Baneling  
  63  5:22  Baneling x2  
  63  5:24  Roach x4  
  63  5:25  Roach x5  
  81  5:34  Glial Reconstitution  
  81  5:52  Drone  
  81  5:54  Overlord x2  
  81  5:55  Overlord x2  
  81  6:09  Drone  
  81  6:14  Drone x4  
  81  6:15  Drone x8  
  91  6:28  Roach  
  91  6:29  Roach x7  
  105  6:38  Overlord x3  
  105  6:41  Zerg Missile Weapons Level 2  
  105  6:50  Overlord x3, Infestation Pit  
  96  7:13  Ravager x2  
  94  7:16  Ravager  
  94  7:18  Ravager  
  94  7:27  Ravager  
  93  7:33  Roach x6  
  93  7:34  Roach x9  
  108  7:51  Roach  
  108  7:52  Roach x3  
  108  7:55  Hive  
  111  7:59  Drone  
  112  8:06  Drone x3, Extractor  
  112  8:07  Drone, Extractor  
  108  8:13  Hatchery  
  108  8:15  Roach x2  
  108  8:36  Roach  
  108  8:37  Roach x12  
  108  8:39  Ravager  
  108  8:40  Ravager x3  
  136  8:45  Drone  
  137  9:06  Overlord x3  
  137  9:07  Overlord  
  137  9:08  Hatchery  
  128  9:28  Ravager  
  128  9:30  Ravager  
  128  9:31  Ravager  
  131  9:32  Ravager, Roach  
  131  9:33  Roach x13  
  131  9:36  Queen  
  162  9:40  Drone  
  162  9:41  Drone x2  
  153  10:12  Ultralisk Cavern  
  120  10:23  Roach x3  
  120  10:24  Roach x19  
  164  10:42  Drone  
  167  10:43  Drone x3  
Tags
 
Composition
Roach Hydra
League
Platinum
Matchup
ZvZ
Race
Zerg
Spawn Locations
Cross Positions
Add a new tag
Caveats
  • Supply blocks, unpowered buildings, or Contaminate may cause inaccurate times.
  • Supply counts are checked every 10 seconds.